 Dungeon Crawl Stone Soup version 0.31-a0-152-g6aa68a64a1 (webtiles) character file.

Game seed: 14167834935693456747

13 comborobin the Sneak (level 2, -2/18 HPs)
             Began as a Deep Elf Delver on June 10, 2023.
             Slain by a scorpion zombie (5 damage)
             ... on level 2 of the Dungeon.
             The game lasted 00:01:08 (438 turns).

comborobin the Sneak (Deep Elf Delver)               Turns: 438, Time: 00:01:09

Health: -2/18      AC:  3    Str:  9    XL:     2   Next: 24%
Magic:  4/4        EV: 12    Int: 14    God:
Gold:   12         SH:  0    Dex: 16    Spells: 1/1 levels left

rFire   . . .        d - +1 flail (venom)
rCold   . . .        (no shield)
rNeg    . . .        b - +0 leather armour
rPois   .            (no helmet)
rElec   .            h - scarf {+Inv}
rCorr   .            (no gloves)
SInv    .            (no boots)
Will    .....        (no amulet)
Stlth   +++          (no ring)
HPRegen 0.23/turn    (no ring)
MPRegen 0.09/turn

%: no passive effects
@: no status effects
A: no striking features
a: Evoke Invisibility


You were on level 2 of the Dungeon.
You visited 1 branch of the dungeon, and saw 4 of its levels.

You collected 12 gold pieces.

Inventory:

Hand Weapons
 a - a +0 short sword
 d - a +1 flail of venom (weapon)
 i - a +1 hand axe of freezing
Armour
 b - a +0 leather armour (worn)
 h - a scarf of invisibility (worn)
Wands
 g - a wand of digging (2)
Scrolls
 c - a scroll of fog


   Skills:
 - Level 2.4 Fighting
 + Level 3.0 Short Blades
 - Level 2.4 Dodging
 - Level 6.0 Stealth


You had one spell level left.
You didn't know any spells.
Your spell library was empty.

Dungeon Overview and Level Annotations

Branches:
Dungeon (5/15)
 Temple: D:4-7

Altars:
Ashenzari
Elyvilon
Uskayaw
Yredelemnul


Message History

You barely miss the rat. The rat bites you.
A rat is nearby!
You hit the rat.
You kill the rat!
Your Short Blades skill increases to level 3!
No target in view!
HP restored.
A gnoll comes into view. It is wielding a +0 whip.
A gnoll is nearby!
A gnoll is nearby!
A gnoll comes into view. It is wielding a +0 spear.
A bat skeleton comes into view.
A quokka skeleton comes into view.
The gnoll hits you with a +0 whip. The gnoll attacks as you move away!
The gnoll hits you with a +0 whip.
A scorpion zombie comes into view.
The bat skeleton hits you. The bat skeleton closely misses you.
The gnoll attacks as you move away! The gnoll hits you with a +0 whip.
* * * LOW HITPOINT WARNING * * *
The bat skeleton misses you. The bat skeleton barely misses you.
A gnoll comes into view. It is wielding a +0 club.
You aren't carrying any potions.
As you read the scroll of fear, it crumbles to dust.
You assume a fearsome visage.
The bat skeleton is unaffected.
The scorpion zombie is unaffected.
The gnoll looks frightened!
The gnoll shouts!
The gnoll looks frightened!
You hear a shout!
The bat skeleton barely misses you. The bat skeleton closely misses you.
The bat skeleton misses you.
A gnoll comes into view. It is wielding a +0 whip.
You hit the scorpion zombie.
The scorpion zombie is lightly damaged.
The bat skeleton hits you but does no damage.
The bat skeleton completely misses you. The bat skeleton closely misses you.
The scorpion zombie hits you.
* * * LOW HITPOINT WARNING * * *
The bat skeleton closely misses you.
Found an escape hatch in the ceiling.
The bat skeleton closely misses you. The bat skeleton completely misses you.
The scorpion zombie hits you.
You die...

......... ..8.... .....
..g. ###.####### .....
#..........
.....#####.#........
.....#............#.
<......@Z....##.#.#. #
..#....Z....g.......
#.. #.#..#####.###..#.
#....###..# #.##.....
#......>..#####.#....#.
##...###.............#.
#. #.#......#......
#............##.
###.###..#.#.###


You could see 2 gnolls, a scorpion zombie and a bat skeleton.

Vanquished Creatures
  A worm (D:4)
  2 orcs
  2 endoplasms
  A giant cockroach (D:3)
  A ball python (D:4)
  A rat (D:2)
8 creatures vanquished.

Notes
Turn   | Place    | Note
-------+----------+-------------------------------------------
     0 | D:5      | comborobin the Deep Elf Delver began the quest for the Orb.
     0 | D:5      | Reached XP level 1. HP: 13/13 MP: 3/3
     1 | D:5      | Noticed a yak
     2 | D:5      | Noticed a yak
     2 | D:5      | Noticed a yak
     5 | D:5      | Noticed a yak
    28 | D:4      | Noticed a hound
   182 | D:3      | Reached XP level 2. HP: 12/18 MP: 4/4
   186 | D:3      | Found a broken altar of Ashenzari.
   186 | D:3      | Found a hide-covered altar of Uskayaw.
   191 | D:3      | Found a faded altar of an unknown god.
   193 | D:3      | Found a basalt altar of Yredelemnul.
   195 | D:3      | Found a faded altar of an unknown god.
   211 | D:3      | Found a white marble altar of Elyvilon.
   401 | D:2      | Found a faded altar of an unknown god.
   438 | D:2      | Slain by a scorpion zombie

Illustrated notes

Levels and vault maps discovered:
D:2:      layout_basic, serial_shops, nicolae_shop_industrial_runoff,
          ebering_ecumenical_altar_mist, serial_undead, serial_undead_e,
          serial_undead_d, serial_undead_e, serial_undead_a, interstate_on_off,
          hangedman_decor_growths
D:3:      layout_rooms, mainiacjoe_overflow_alcove_1,
          chequers_temple_overflow_minitemple, kennysheep_cross_room
D:4:      kennysheep_the_goblin_king, layout_basic, uniq_ijyb
D:5:      layout_rooms, mainiacjoe_overflow_small_starburst,
          minmay_temple_entry_junction, serial_shops, shop, hellmonk_no_cap

Skill      XL: |  1  2 |
---------------+-------+-----
Short Blades   | 3 |  3.0
Fighting       | |  2.4
Dodging        | |  2.4
Stealth        | |  6.0

Action                     || total
---------------------------++-------
  Melee: Short sword       ||    35
         Punch             ||     1
         Flail             ||     8
  Evoke: Wand              ||     1
    Use: Scroll            ||     3
         Potion            ||     1
   Stab: Distracted        ||     1
         Sleeping          ||     1
 Armour: Leather armour    ||     4
  Dodge: Dodged            ||    37

Table legend: (Time is in decaauts)
 A = Elapsed time spent in this place.
 B = Non-inter-level travel time spent in this place.
 C = Inter-level travel time spent in this place.
 D = Time resting spent in this place.
 E = Time spent auto-exploring this place.
 F = Levels seen in this place.
 G = Mean time per level.
                   A        B        C        D        E       F      G
               +--------+--------+--------+--------+--------+-----+--------+
         Total |    417 |    397 |     20 |    163 |     52 |   4 |  104.2 |
       Dungeon |    417 |    397 |     20 |    163 |     52 |   4 |  104.2 |
               +--------+--------+--------+--------+--------+-----+--------+

Top non-repeatable levels by time:
     D:3: 202 daAuts
     D:4: 148 daAuts
     D:2: 53 daAuts
     D:5: 12 daAuts
